AoeStats
← kpsu8366

QS Arena

503354626Analyzed
4v4 RM · 1mo ago on Aug 31, 2026· 27m 26s· 8 players
Game mode
Random Map
Map size
Large (8 player)
Population
200
Speed
Normal
Resources
Standard
Victory
Conquest
Starting age
Dark Age
Ending age
Imperial Age
RankedLock teamsTeams togetherTeam positionsShared explorationLock speedFull tech treeHidden civsTurbo modeCheats
Victory
Defeat
🇨🇴 Bengalis · Colombia
1049
+13
🇪🇸 Ethiopians · Spain
1031
+13
🇵🇱 Teutons · Poland
911
+19
🇫🇷 Britons · France
909
+19
🇨🇳 Teutons · China
1002
-17
🇻🇳 Teutons · Vietnam
989
-17
🇨🇳 Mongols · China
987
-17
🇨🇳 Franks · China
920
-13
Only 1 call a day
0:27 Loom
8:35 Feudal Age
9:40 Double-Bit Axe
9:37 Horse Collar
16:19 Castle Age
15:01 Gold Mining
15:03 Stone Mining
17:40 Forging
19:02 Caravan
20:15 Iron Casting
20:55 Scale Barding Armor
22:12 Wheelbarrow
22:41 Heavy Plow
23:29 Scale Mail Armor
26:16 Hand Cart
76561198262937210
8:48 Feudal Age
7:38 Loom
13:20 Castle Age
11:11 Double-Bit Axe
11:13 Horse Collar
13:08 Gold Mining
13:16 Stone Mining
16:55 Wheelbarrow
19:59 Bow Saw
20:57 Heavy Plow
22:16 Gold Shaft Mining
26:12 Imperial Age
27:43 Imperial Age
TAGRNM
4:02 Loom
10:11 Feudal Age
14:09 Castle Age
12:08 Double-Bit Axe
13:51 Gold Mining
15:16 Bow Saw
18:32 Loom
19:17 Stone Mining
24:07 Wheelbarrow
24:55 Husbandry
25:37 Scale Barding Armor
26:34 Forging
kpsu8366
8:58 Feudal Age
DOM
5:55 Loom
8:16 Feudal Age
12:53 Castle Age
10:46 Stone Mining
11:09 Double-Bit Axe
11:47 Gold Mining
14:30 Bow Saw
15:03 Gold Shaft Mining
17:41 Fletching
18:53 Town Watch
20:25 Scale Mail Armor
24:08 Forging
26:30 Wheelbarrow
Sharcks
rubendariod01
2:35 Loom
7:16 Feudal Age
7:47 Double-Bit Axe
9:10 Wheelbarrow
13:48 Castle Age
13:50 Horse Collar
14:04 Gold Mining
14:48 Hand Cart
17:08 Horse Collar
18:32 Hand Cart
21:17 Bow Saw
21:06 Town Watch
24:35 Town Patrol
27:34 Imperial Age
25:26 Ballistics
25:35 Fletching
25:45 Padded Archer Armor
26:32 Bodkin Arrow
26:53 Fortified Wall
Helenka
8:12 Feudal Age
9:38 Double-Bit Axe
10:33 Loom
14:12 Castle Age
14:49 Wheelbarrow
15:54 Horse Collar
21:16 Bow Saw
21:10 Gold Mining
24:31 Pikeman
24:57 Gambesons
25:12 Squires
24:58 Arson
25:27 Forging
25:28 Scale Mail Armor
26:03 Stone Mining
Connection lost

Rejoining the realm…

Still unreachable

The connection could not be restored.

Session expired

The server has moved on; the page needs a fresh start.